 Dungeon Sprint DCSS version 0.29-a0-723-gce39da1c22 (webtiles) character file.

Game seed: 17181854233665600598

4124 Hipnos the Imperceptible (level 10, -11/46 HPs)
             Began as a Spriggan Enchanter on June 28, 2022.
             Was a Believer of Vehumet.
             Mangled by a tentacle (20 damage)
             ... attached to a kraken
             ... in the Dungeon (Sprint II: "The Violet Keep of Menkaure").
             The game lasted 00:10:06 (516 turns).

Hipnos the Imperceptible (Spriggan Enchanter)        Turns: 516, Time: 00:10:07

Health: -11/46     AC:  5    Str:  4    XL:     10   Next: 6%
Magic:  21/24      EV: 22    Int: 27    God:    Vehumet [**....]
Gold:   661        SH:  0    Dex: 16    Spells: 20/28 levels left

rFire   . . .      SeeInvis +   h - +0 dagger (venom)
rCold   . . .      Faith    .   (no shield)
rNeg    + . .      Spirit   .   f - +1 robe {rN+}
rPois   .          Reflect  .   (helmet restricted)
rElec   .          Harm     .   d - +1 cloak {rCorr}
rCorr   +          Rampage  .   (gloves unavailable)
Will    .....      NoTele   +   (boots unavailable)
Stlth   +++++++++.              q - amulet of regeneration
HPRegen 0.95/turn               k - +6 ring of intelligence
MPRegen 0.19/turn               (no ring)

@: weak-willed, very quick
A: very small, no large weapons, unfitting armour, see invisible, speed 3
a: Renounce Religion


You were in the Dungeon.
You worshipped Vehumet.
Vehumet was pleased with you.
You visited 1 branch You collected 1028 gold pieces.
You spent 367 gold pieces at shops.

Inventory:

Hand Weapons
 a - a +1 dagger
 h - a +0 dagger of venom (weapon)
 j - a +1 rapier of electrocution
Missiles
 x - a throwing net (quivered)
Armour
 b - a +0 robe
 d - a +1 cloak of preservation (worn)
 f - a +1 robe of positive energy (worn)
Jewellery
 k - a +6 ring of intelligence (left hand)
 q - an amulet of regeneration (around neck)
Scrolls
 i - a scroll of blinking
 l - 2 scrolls of vulnerability
 n - 2 scrolls of identify
 r - a scroll of brand weapon
 s - a scroll of enchant armour {unknown}
 w - a scroll of fear {unknown}
Potions
 c - 3 potions of invisibility
 e - 3 potions of heal wounds
 g - 6 potions of magic
 m - a potion of might {unknown}
 o - 3 potions of resistance
 p - a potion of mutation {unknown}
 t - 3 potions of flight
 u - 2 potions of lignification {unknown}
 v - a potion of degeneration {unknown}


   Skills:
 + Level 2.0 Fighting
 + Level 6.6 Short Blades
 + Level 8.2 Dodging
 + Level 24.0 Stealth
 + Level 9.5 Spellcasting
 * Level 5.6 Conjurations
 + Level 12.1 Hexes
 + Level 3.4 Ice Magic


You had 20 spell levels left.
You knew the following spells:

 Your Spells              Type           Power      Damage    Failure   Level
a - Confusing Touch       Hex            67%        N/A       1%          3
b - Ensorcelled Hibernat  Hex/Ice        100%       N/A       1%          2
c - Dazzling Flash        Conj/Hex       100%       N/A       1%          3

Your spell library contained the following spells:

 Spells                   Type           Power      Damage    Failure   Level
 Shock                    Conj/Air       100%       1d9       1%          1
 Tukima's Dance           Hex            67%        N/A       1%          3
 Silence                  Hex/Air        22%        N/A       11%         5
 Agony                    Necr           12%        N/A       77%         5


Dungeon Overview and Level Annotations

Branches:
Dungeon (1/1)

Altars:
Cheibriados
Dithmenos
Elyvilon
Fedhas
Gozag
Hepliaklqana
Kikubaaqudgha
Makhleb
Nemelex Xobeh
Okawaru
Qazlal
Ru
Sif Muna
Trog
Uskayaw
Vehumet
Wu Jian
Xom
Yredelemnul
Zin
The Shining One
Beogh
Jiyva
Lugonu

Shops:
D :[(?[!=[!:?((=[

Annotations:
D exclusions: obsidian statue and oklob plant


Innate Abilities, Weirdness & Mutations

You are very small and have problems with some larger weapons.
You are too small for most types of armour.
You have supernaturally acute eyesight. (SInv)
You cover ground extremely quickly. (Speed+++)


Message History

You start putting on your amulet.
You continue putting on your amulet of regeneration. x5
You finish putting on your amulet of regeneration.
The amulet throbs as it attunes itself to your uninjured body.
q - an amulet of regeneration (around neck)
As you read the scroll labelled ARYCEDE BUNE, it crumbles to dust.
Magic quickly surges around you.
It was a scroll of vulnerability.
As you read the scroll labelled NANWAH UMONUZI, it crumbles to dust.
It is a scroll of identify.
r - a scroll of brand weapon
As you read the scroll of identify, it crumbles to dust.
o - 3 potions of resistance
As you read the scroll of identify, it crumbles to dust.
t - 3 potions of flight Tentacles burst out of the water! 4 tentacles come into view.
You see here a +2 spear of venom.
Press: ? - help, v - describe, . - travel
Here: a kraken (water, weak-willed) Some deep water.
A tentacle is nearby!
Press: ? - help, v - describe, . - travel
Here: a tentacle An open door.
A tentacle is nearby!
The tentacle slaps you!
You see here a +2 spear of venom.
Casting: Ensorcelled Hibernation (safe; 1% risk of failure)
Confirm with . or Enter, or press ? or * to list all spells.
You can't see any susceptible monsters within range! (Use Z to cast anyway.)
Casting: Ensorcelled Hibernation (safe; 1% risk of failure)
Confirm with . or Enter, or press ? or * to list all spells.
Casting: Dazzling Flash (safe; 1% risk of failure)
Press: ? - help, Dir - look around, f - activate The tentacle segment is dazzled.
You closely miss the tentacle. The tentacle slaps you. The tentacle slaps you!!
Ouch! That really hurt!
* * * LOW HITPOINT WARNING * * *
The tentacle slaps you!!
You die...

##++# +...▓0..▓ #≈...###
#○°.▓▓▓▓▓▓▓▓▓▓ e≈.....#
#.°.▓§§≈§§≈≈≈▓▓ #....#
#○:▓▓▓▓▓▓▓▓▓▓▓ +....#
#:°▓().).().▓▓ ####.#
#"[▓.(......▓▓ ###
+.####|)▓...[...)▓▓ ..#
#...####▓.)..)..(▓▓ ..## ##..#
#▓(.@[....▓▓ #..# +..#
#▓)..w.).[▓▓ #..# #..#
#▓.|.)\.(.▓▓
'..####..####▓.[.[.\.[▓▓
#....###^..##▓▓▓▓▓▓▓\▓▓▓▓+▓
#......≈≈≈≈≈≈≈≈≈≈≈≈≈.──X≈≈▓
≈≈.....≈#'########†###www≈▓
≈≈≈≈§..≈#_._.....#≈≈§##≈≈≈▓
≈≈≈§≈≈.≈#._._....#≈§§≈####▓▓▓▓▓


You could see a kraken (weak-willed) and 3 tentacles.

Vanquished Creatures
  2 sphinxes (D)
  2 deep trolls (D)
  5 water moccasins (D)
  4 necrophages (D)
  4 scorpions (D)
  A hell rat (D)
18 creatures vanquished.

Vanquished Creatures (others)
  Menkaure (D)
1 creature vanquished.

Grand Total: 19 creatures vanquished

Notes
Turn   | Place    | Note
-------+----------+-------------------------------------------
     0 | D        | Hipnos the Spriggan Enchanter began the quest for the Orb.
     0 | D        | Reached XP level 1. HP: 9/9 MP: 5/5
     1 | D        | Noticed a necrophage
     1 | D        | Noticed a necrophage
     1 | D        | Noticed a necrophage
     1 | D        | Noticed a necrophage
    11 | D        | Killed a necrophage
    12 | D        | Reached skill level 8 in Stealth
    12 | D        | Reached skill level 5 in Hexes
    12 | D        | Reached XP level 2. HP: 13/13 MP: 5/7
    12 | D        | Reached XP level 3. HP: 16/16 MP: 6/9
    15 | D        | Killed a necrophage
    16 | D        | Reached skill level 10 in Stealth
    16 | D        | Reached XP level 4. HP: 21/21 MP: 6/11
    21 | D        | Killed a necrophage
    22 | D        | Reached skill level 5 in Short Blades
    22 | D        | Reached skill level 11 in Stealth
    22 | D        | Reached skill level 5 in Spellcasting
    22 | D        | Reached XP level 5. HP: 24/24 MP: 6/13
    28 | D        | Reached skill level 12 in Stealth
   117 | D        | Reached skill level 5 in Dodging
   117 | D        | Reached skill level 13 in Stealth
   117 | D        | Reached XP level 6. HP: 28/28 MP: 13/15
   119 | D        | Reached skill level 14 in Stealth
   123 | D        | Reached skill level 15 in Stealth
   140 | D        | Noticed a water moccasin
   141 | D        | Found Tiloxzes's Armour Shoppe.
   142 | D        | Killed a water moccasin
   143 | D        | Reached skill level 16 in Stealth
   143 | D        | Reached skill level 10 in Hexes
   143 | D        | Reached XP level 7. HP: 32/32 MP: 15/17
   143 | D        | Found Sinezu's Antique Weapon Shoppe.
   143 | D        | Found Pihutoim's Jewellery Emporium.
   144 | D        | Found Goud Ygg's Magic Scroll Shoppe.
   144 | D        | Found Iraonuov's Antique Weapon Shoppe.
   145 | D        | Found Taosan's Antique Armour Shoppe.
   145 | D        | Found Ankiqalo's Jewellery Emporium.
   145 | D        | Found Laenn's Distillery.
   145 | D        | Found Duizuoss's Book Shoppe.
   146 | D        | Found Meesyus's Armour Shoppe.
   146 | D        | Found Buagu's Magic Scroll Emporium.
   146 | D        | Found Vocvische's Distillery.
   147 | D        | Found Vestroph's Antique Weapon Shoppe.
   147 | D        | Found Vaigesef's Antique Armour Emporium.
   147 | D        | Noticed a yak
   148 | D        | Noticed a yak
   149 | D        | Noticed a yak
   150 | D        | Noticed an oklob plant
   150 | D        | Noticed a great orb of eyes
   151 | D        | Found Giagriuff's Book Shoppe.
   158 | D        | Learned a level 3 spell: Confusing Touch
   161 | D        | Learned a level 2 spell: Ensorcelled Hibernation
   165 | D        | Learned a level 3 spell: Dazzling Flash
   166 | D        | Noticed a shining eye
   166 | D        | Noticed a shining eye
   170 | D        | Bought a runed cloak for 135 gold pieces
   178 | D        | Bought a runed robe for 92 gold pieces
   182 | D        | Bought a glowing dagger for 140 gold pieces
   190 | D        | Killed Menkaure
   220 | D        | Noticed an obsidian statue
   231 | D        | Noticed a wyvern
   232 | D        | Found an iron altar of Okawaru.
   232 | D        | Found a radiant altar of Vehumet.
   232 | D        | Found a glowing silver altar of Zin.
   233 | D        | Found a sparkling altar of Nemelex Xobeh.
   233 | D        | Found a hide-covered altar of Uskayaw.
   234 | D        | Found an opulent altar of Gozag.
   234 | D        | Found a burning altar of Makhleb.
   234 | D        | Found a bloodstained altar of Trog.
   235 | D        | Found a blossoming altar of Fedhas.
   235 | D        | Found a corrupted altar of Lugonu.
   235 | D        | Found a basalt altar of Yredelemnul.
   235 | D        | Found a shimmering blue altar of Sif Muna.
   236 | D        | Found a white marble altar of Elyvilon.
   236 | D        | Found an ancient bone altar of Kikubaaqudgha.
   237 | D        | Found a shadowy altar of Dithmenos.
   237 | D        | Found a viscous altar of Jiyva.
   238 | D        | Found a snail-covered altar of Cheibriados.
   240 | D        | Found a shimmering altar of Xom.
   240 | D        | Found a sacrificial altar of Ru.
   240 | D        | Found a hazy altar of Hepliaklqana.
   241 | D        | Found a glowing golden altar of the Shining One.
   241 | D        | Found an ornate altar of the Wu Jian Council.
   241 | D        | Found a stormy altar of Qazlal.
   246 | D        | Became a worshipper of Vehumet
   264 | D        | Noticed a deep elf master archer
   280 | D        | Noticed a kraken
   287 | D        | Reached skill level 17 in Stealth
   289 | D        | Reached * piety under Vehumet
   289 | D        | Offered knowledge of Shock by Vehumet.
   290 | D        | Reached skill level 18 in Stealth
   304 | D        | Noticed a flying skull
   316 | D        | Noticed a flying skull
   323 | D        | Noticed a deep troll
   324 | D        | Noticed a deep troll
   329 | D        | Killed a deep troll
   330 | D        | Reached skill level 19 in Stealth
   330 | D        | Reached skill level 1 in Ice Magic
   330 | D        | Reached XP level 8. HP: 37/37 MP: 16/20
   331 | D        | Killed a deep troll
   331 | D        | Reached ** piety under Vehumet
   332 | D        | Reached skill level 1 in Fighting
   332 | D        | Reached skill level 21 in Stealth
   332 | D        | Reached XP level 9. HP: 41/41 MP: 14/22
   354 | D        | Noticed a sphinx
   354 | D        | Noticed a sphinx
   357 | D        | Killed a sphinx
   358 | D        | Reached skill level 22 in Stealth
   358 | D        | Killed a sphinx
   359 | D        | Reached skill level 24 in Stealth
   359 | D        | Reached skill level 5 in Conjurations
   359 | D        | Reached XP level 10. HP: 46/46 MP: 24/24
   516 | D        | Mangled by a tentacle

Illustrated notes

Levels and vault maps discovered:
D:        the_violet_keep_of_menkaure [sprint2_stairs_cluster_1,
          sprint2_shoproom, sprint2_temple, sprint2_basic_supplies,
          sprint2_obstacle_3, sprint2_obstacle_4, sprint2_obstacle_7,
          sprint2_obstacle_6, sprint2_obstacle_5, sprint2_timed_cluster_1,
          sprint2_smallroom_cluster_1, sprint2_smallroom_final_cluster_1,
          sprint2_transparent_cluster_1, sprint2_second_timed_cluster_1,
          sprint2_sniper_area_1, sprint2_heavy_combat_area_1,
          sprint2_mutation_trap_area_1, sprint2_forest_area_1,
          sprint2_light_combat_area_1, sprint2_behind_water_1,
          sprint2_near_end_vault_1]

Skill      XL: |  1  2  3  4  5  6  7  8  9 |
---------------+----------------------------+-----
Short Blades   | 3 4 5 6 |  6.6
Dodging        | 3 4 5 6 7 8 |  8.2
Stealth        | 8 10 11 13 16 19 21 24 | 24.0
Spellcasting   | 3 4 5 6 7 8 9 |  9.5
Hexes          | 5 6 7 8 10 11 12 | 12.1
Conjurations   | 2 3 5 |  5.6
Ice Magic      | 1 2 3 |  3.4
Fighting       | 1 2 |  2.0

Action                   |  1- 3 |  4- 6 |  7- 9 | 10-12 || total
-------------------------+-------+-------+-------+-------++-------
Melee: Dagger            |     9 |    17 |    14 |     1 ||    41
 Cast: Ensorcelled Hiber |       |       |     7 |       ||     7
       Dazzling Flash    |       |       |       |     1 ||     1
  Use: Potion            |     3 |       |       |       ||     3
       Scroll            |       |       |       |     4 ||     4
 Stab: Sleeping          |       |     5 |     8 |       ||    13
       Distracted        |       |       |     1 |       ||     1
Dodge: Dodged            |     5 |     2 |     7 |       ||    14

Table legend: (Time is in decaauts)
 A = Elapsed time spent in this place.
 B = Non-inter-level travel time spent in this place.
 C = Inter-level travel time spent in this place.
 D = Time resting spent in this place.
 E = Time spent auto-exploring this place.
 F = Levels seen in this place.
 G = Mean time per level.
                   A        B        C        D        E       F      G
               +--------+--------+--------+--------+--------+-----+--------+
         Total |    437 |    437 |      0 |     88 |      0 |   1 |  437.0 |
       Dungeon |    437 |    437 |      0 |     88 |      0 |   1 |  437.0 |
               +--------+--------+--------+--------+--------+-----+--------+

Top non-repeatable levels by time:
       D: 437 daAuts
